 Dungeon Crawl Stone Soup version 0.29-a0-613-gf2c431b9b9 (webtiles) character file.

Game seed: 6514852655359886078

53 TittyCrusher the Cudgeller (level 4, -1/34 HPs)
             Began as a Meteoran Cinder Acolyte on June 16, 2022.
             Was a High Priest of Ignis.
             Slain by Crazy Yiuf
             ... wielding a +4 quarterstaff of chaos
              (4 damage)
             ... on level 2 of the Dungeon.
             The game lasted 00:08:58 (680 turns).

TittyCrusher the Cudgeller (Meteoran Cinder Acolyte) Turns: 680, Time: 00:08:58

Health: -1/34      AC:  2    Str: 15    XL:     4   Next: 31%
Magic:  7/7        EV: 11    Int: 15    God:    Ignis [*****.]
Gold:   106        SH:  0    Dex: 12    Spells: 5/5 levels left

rFire   + . .      SeeInvis .   a - -1 mace (flame)
rCold   . . .      Faith    .   (no shield)
rNeg    . . .      Spirit   .   b - +0 robe
rPois   +          Reflect  .   (no helmet)
rElec   .          Harm     .   (no cloak)
rCorr   .          Rampage  .   (no gloves)
Will    .....                   (no boots)
Stlth   +.........              (no amulet)
HPRegen 0.11/turn               (no ring)
MPRegen 0.10/turn               (no ring)

@: glowing
A: sense surroundings 1, otherworldly, glowing, explore regen, frail 1, poison
resistance
a: Renounce Religion, Fiery Armour, Foxfire Swarm, Rising Flame


You were on level 2 of the Dungeon.
You worshipped Ignis.
Ignis was extremely pleased with you.
You visited 1 branch of the dungeon, and saw 2 of its levels.

You collected 106 gold pieces.

Inventory:

Hand Weapons
 a - a -1 mace of flaming (weapon)
 i - a +0 hunting sling
Missiles
 d - 39 stones (quivered)
Armour
 b - a +0 robe (worn)
 f - a +0 chain mail
Jewellery
 j - a ring of protection from fire
Scrolls
 c - a scroll of teleportation
 m - a scroll of silence


   Skills:
 - Level 3.2 Fighting
 + Level 6.2 Maces & Flails
 - Level 1.3 Spellcasting
 - Level 3.6 Fire Magic


You had 5 spell levels left.
You didn't know any spells.
Your spell library contained the following spells:

 Spells                   Type           Power      Damage    Failure   Level
 Scorch                   Fire           22%        2d6       9%          2


Dungeon Overview and Level Annotations

Branches:
Dungeon (2/15) Zot: 507

Altars:

Annotations:
D:2 Crazy Yiuf


Innate Abilities, Weirdness & Mutations

You passively map a small area around you.
You are easily found by Zot.
You glow in the dark.
You regain HP and MP as you explore.
You are frail. (-10% HP)
Your system is resistant to poisons. (rPois)


Message History

Unknown command.
You flicker for a moment.
An endoplasm comes into view.
The endoplasm quivers.
You flicker back into view.
The endoplasm hits you but does no damage.
You hit the endoplasm but do no damage. The endoplasm hits you.
You completely miss the endoplasm. The endoplasm barely misses you.
You hit the endoplasm but do no damage. The endoplasm barely misses you.
You hit the endoplasm. You burn the endoplasm.
The endoplasm is moderately wounded.
The endoplasm hits you. The endoplasm freezes you.
You are frozen.
You resist.
You hit the endoplasm but do no damage.
The endoplasm is moderately wounded.
The endoplasm barely misses you.
You thump the endoplasm! You burn the endoplasm.
You kill the endoplasm!
You start to feel less resistant.
You enter the shallow water.
Moving in this stuff is going to be slow.
Your resistance to elements expires.
Crazy Yiuf shouts!
As you read the scroll labelled VESATA ISIH, it crumbles to dust.
You hear a loud clanging noise!
It was a scroll of noise.
Crazy Yiuf yells, "Key seventy stair!"
As you read the scroll labelled USUERCHONUO, it crumbles to dust.
It is a scroll of identify.
m - a scroll of silence Crazy Yiuf hits you with a +4 quarterstaff of chaos!
You barely miss Crazy Yiuf.
Crazy Yiuf is moderately wounded.
Crazy Yiuf hits you with a +4 quarterstaff of chaos!
Crazy Yiuf attacks as you move away!
Crazy Yiuf hits you with a +4 quarterstaff of chaos!
* * * LOW HITPOINT WARNING * * *
Crazy Yiuf freezes you.
You die...

##........#
##...#####.#
#....# #.#
##..## #.#
## #....#
#.# #.
#...## ##.##
#. ##.##
#.#.######.
#.##
#.##....##.
##@#
#.#.###.##.
#g##
##.####....
##.#
#.........
*#'#
#########.
... #. #...#
* .. #..)#
### ##### *
,


You could see Crazy Yiuf.

Vanquished Creatures
  An adder (D:2)
  A dart slug (D:1)
  6 ball pythons (D:1)
  3 bats
  4 endoplasms
  2 giant cockroaches (D:1)
  5 goblins
  4 hobgoblins
  3 jackals (D:1)
  A quokka (D:2)
  A frilled lizard (D:1)
  4 kobolds
  3 rats (D:2)
38 creatures vanquished.

Vanquished Creatures (others)
  3 plants (D:2)
3 creatures vanquished.

Grand Total: 41 creatures vanquished

Notes
Turn   | Place    | Note
-------+----------+-------------------------------------------
     0 | D:1      | TittyCrusher the Meteoran Cinder Acolyte began the quest
                  | for the Orb.
     0 | D:1      | Reached XP level 1. HP: 19/19 MP: 3/3
     2 | D:1      | Noticed a ghoul
     4 | D:1      | Noticed a troll
     4 | D:1      | Noticed a formicid
     6 | D:1      | Noticed an octopode
     8 | D:1      | Noticed an elf
     8 | D:1      | Noticed a demonspawn
    10 | D:1      | Noticed a human
    12 | D:1      | Noticed a felid
    14 | D:1      | Noticed a naga
    14 | D:1      | Noticed a gargoyle
    16 | D:1      | Noticed a demigod
    16 | D:1      | Noticed a merfolk
    18 | D:1      | Noticed a spriggan
    20 | D:1      | Noticed a minotaur
    20 | D:1      | Noticed a vampire
    22 | D:1      | Noticed a draconian
    22 | D:1      | Noticed a tengu
    24 | D:1      | Noticed a dwarf
    24 | D:1      | Noticed an ogre
    26 | D:1      | Noticed a vine stalker
    67 | D:1      | Reached XP level 2. HP: 22/26 MP: 5/5
   114 | D:1      | Reached skill level 5 in Maces & Flails
   115 | D:1      | Reached XP level 3. HP: 21/31 MP: 6/6
   348 | D:2      | Reached XP level 4. HP: 22/38 MP: 7/7
   350 | D:2      | Reached skill level 6 in Maces & Flails
   571 | D:2      | Found a runed translucent door.
   572 | D:2      | Noticed Crazy Yiuf
   575 | D:2      | Gained mutation: You are frail. (-10% HP) [potion of
                  | mutation]
   575 | D:2      | Gained mutation: Your system is resistant to poisons.
                  | (rPois) [potion of mutation]
   680 | D:2      | Slain by Crazy Yiuf

Illustrated notes

Levels and vault maps discovered:
D:1:      kb_arrival_jail, layout_loops_cross, dreamdust_mushroom_princess
D:2:      minmay_evil_eye, layout_loops_ring, chequers_ecumenical_altar_lobes,
          minmay_misc_feat_secret_circle, chequers_serial_rivers_micro_a,
          uniq_crazy_yiuf_cottage

Skill      XL: |  1  2  3  4 |
---------------+-------------+-----
Maces & Flails | 5 6 |  6.2
Fighting       | |  3.2
Spellcasting   | |  1.3
Fire Magic     | |  3.6

Action                   |  1- 3 |  4- 6 || total
-------------------------+-------+-------++-------
Melee: Mace              |    60 |    25 ||    85
       Punch             |     1 |       ||     1
Invok: Fiery Armour      |     1 |       ||     1
  Use: Scroll            |       |     3 ||     3
       Potion            |       |     3 ||     3
Armor: Robe              |    39 |     5 ||    44
Dodge: Dodged            |    42 |    12 ||    54

Table legend: (Time is in decaauts)
 A = Elapsed time spent in this place.
 B = Non-inter-level travel time spent in this place.
 C = Inter-level travel time spent in this place.
 D = Time resting spent in this place.
 E = Time spent auto-exploring this place.
 F = Levels seen in this place.
 G = Mean time per level.
                   A        B        C        D        E       F      G
               +--------+--------+--------+--------+--------+-----+--------+
         Total |    692 |    692 |      0 |      0 |      3 |   2 |  346.0 |
       Dungeon |    692 |    692 |      0 |      0 |      3 |   2 |  346.0 |
               +--------+--------+--------+--------+--------+-----+--------+

Top non-repeatable levels by time:
     D:2: 365 daAuts
     D:1: 326 daAuts
